 Dungeon Crawl Stone Soup version 0.21-a0-529-g8c7b3f5 (webtiles) character file.

876 AverageBear the Cutter (level 7, -9/40 HPs)
             Began as a Deep Elf Fighter on Dec 11, 2017.
             Was an Initiate of Ashenzari.
             Killed by divine providence
             ... invoked by an orc priest
              (10 damage)
             ... on level 6 of the Dungeon.
             The game lasted 00:05:20 (5701 turns).

AverageBear the Cutter (Deep Elf Fighter)           Turns: 5701, Time: 00:05:20

Health: -9/40      AC: 10    Str: 20    XL:     7   Next: 74%
Magic:  9/9        EV: 13    Int: 13    God:    Ashenzari [......]
Gold:   171        SH:  6    Dex: 14    Spells: 3/6 levels left

rFire    . . .     SeeInvis .   a - +1 rapier
rCold    . . .     Gourm    .   l - +2 buckler
rNeg     . . .     Faith    .   b - +0 scale mail
rPois    .         Spirit   .   m - +1 helmet
rElec    .         Reflect  .   i - +0 cloak
rCorr    .         Harm     .   y - +0 pair of gloves
MR       .....     Rnd*Tele +   (no boots)
Stlth    ..........             h - amulet of rage
HPRegen  0.13/turn              j - ring of wizardry
MPRegen  0.11/turn              z - ring of teleportation (curse)

@: mighty
A: no striking features
a: Curse Item, Renounce Religion, Evoke Berserk Rage


You were on level 6 of the Dungeon.
You worshipped Ashenzari.
Ashenzari was noncommittal.
You were hungry.

You visited 1 branch of the dungeon, and saw 6 of its levels.

You collected 171 gold pieces.

Inventory:

Hand Weapons
 a - a +1 rapier (weapon)
Missiles
 k - a throwing net (quivered)
Armour
 b - a +0 scale mail (worn)
 i - a +0 cloak (worn)
 l - a +2 buckler (worn)
 m - a +1 helmet (worn)
 y - a +0 pair of gloves (worn)
Jewellery
 d - an uncursed ring of wizardry
 h - an amulet of rage (around neck)
 j - a ring of wizardry (left hand)
 z - a cursed ring of teleportation (right hand)
Wands
 r - a wand of polymorph (15)
 A - a wand of acid (6)
Scrolls
 e - a scroll of blinking
 o - 2 scrolls of amnesia
 t - 2 scrolls of teleportation
 w - a scroll of identify
 x - a scroll of fog
Potions
 n - a potion of curing
 p - a potion of haste
 s - a potion of mutation {unknown}
 u - a potion of magic
 C - a potion of flight {unknown}
 E - a potion of brilliance {unknown}
Books
 g - a book of Minor Magic

   Spells                             Type                      Level
   a - Magic Dart                     Conjuration                  1
   b - Blink                          Translocation                2
   c - Call Imp                       Summoning                    2
   d - Slow                           Hexes                        2
   e - Conjure Flame                  Conjuration/Fire             3
   f - Mephitic Cloud                 Conjuration/Poison/Air       3
Comestibles
 c - a royal jelly
 f - 2 bread rations
 q - a chunk of flesh
 v - 2 meat rations
 F - 3 fruits


   Skills:
 - Level 2.4 Fighting
 - Level 7.0 Short Blades
 - Level 2.4 Armour
 + Level 6.6 Dodging
 - Level 2.4 Shields


You had 3 spell levels left.
You knew the following spells:

 Your Spells              Type           Power        Failure   Level  Hunger
a - Mephitic Cloud        Conj/Pois/Air  #.......     75%         3    ####...


Dungeon Overview and Level Annotations

Branches:
Dungeon (6/15)
 Temple: D:4-7

Altars:
Ashenzari
Elyvilon
Fedhas
Uskayaw
Zin
The Shining One

Annotations:
D:4 exclusion: oklob plant


Message History

The bat hits you but does no damage.
You closely miss the bat. The bat hits you but does no damage.
You block the bat's attack.
The orc priest casts a cantrip, but nothing happens.
You block the wight's attack. You block the bat's attack.
You block the wight's attack. You block the bat's attack.
The wight hits you with an enchanted short sword.
* * * LOW HITPOINT WARNING * * *
The wight hits you from afar with a halberd of protection.
* * * LOW HITPOINT WARNING * * *
You feel better. The wight misses you.
The wight hits you from afar with a halberd of protection!
* * * LOW HITPOINT WARNING * * *
The orc priest calls down the wrath of Beogh upon you.
Beogh smites you!
* * * LOW HITPOINT WARNING * * *
The orc priest calls down the wrath of Beogh upon you.
Beogh smites you!
You die...

..#. .... .. .##
###. ..# #..
##.!###
####.###.....###
#...<).†........
#....###.###....
#...#####@.# )
.... #..## ....
#.## #.#. ##.#
###.#.#####z.#
.........##z##
.........#.z#
........zoz##
.........#######


You could see 4 wights and an orc priest.

Vanquished Creatures
  An ice beast (D:6)
  A phantom (D:5)
  2 ogres (D:6)
  A crimson imp (D:5)
  A howler monkey (D:5)
  A hound (D:6)
  A bullfrog skeleton (D:5)
  2 orc priests (D:3)
  Natasha (twice) (D:2)
  3 worker ants
  Robin (D:2)
  4 gnolls
  2 adders (D:3)
  A river rat (D:6)
  A shadow imp (D:5)
  3 oozes
  6 worms
  5 dart slugs
  7 orcs
  2 ball pythons
  8 bats
  5 giant cockroaches
  13 goblins
  6 hobgoblins
  3 jackals (D:5)
  9 kobolds
  4 quokkas
  3 frilled lizards
  A jackal skeleton (D:4)
  A quokka skeleton (D:4)
  A quokka zombie (D:5)
  6 rats
107 creatures vanquished.

Vanquished Creatures (others)
  Natasha (D:2)
1 creature vanquished.

Grand Total: 108 creatures vanquished

Notes
Turn   | Place    | Note
-------+----------+-------------------------------------------
     0 | D:1      | AverageBear the Deep Elf Fighter began the quest for the Orb.
     0 | D:1      | Reached XP level 1. HP: 13/13 MP: 3/3
    57 | D:1      | Reached XP level 2. HP: 18/18 MP: 4/4
    94 | D:1      | Reached skill level 3 in Short Blades
   525 | D:1      | Reached XP level 3. HP: 21/22 MP: 5/5
  1171 | D:2      | Noticed Robin
  1188 | D:2      | Reached skill level 4 in Short Blades
  1191 | D:2      | Killed Robin
  1239 | D:2      | Noticed Natasha
  1256 | D:2      | Killed Natasha
  1256 | D:2      | Reached XP level 4. HP: 11/27 MP: 6/6
  1452 | D:2      | Found a glowing golden altar of the Shining One.
  1527 | D:2      | Found a glowing silver altar of Zin.
  1529 | D:2      | Found a white marble altar of Elyvilon.
  1622 | D:2      | Reached skill level 5 in Short Blades
  1623 | D:2      | HP: 1/27 [worm (9)]
  2249 | D:2      | Found a hide-covered altar of Uskayaw.
  2302 | D:2      | Found a glowing golden altar of the Shining One.
  2342 | D:2      | Noticed Natasha
  2351 | D:2      | Killed Natasha
  2351 | D:2      | Reached XP level 5. HP: 13/31 MP: 7/7
  2619 | D:2      | Noticed Natasha
  2625 | D:2      | Killed Natasha
  2716 | D:2      | Found a faded altar of an unknown god.
  3010 | D:3      | Reached skill level 6 in Short Blades
  3385 | D:3      | Reached XP level 6. HP: 35/36 MP: 8/8
  4312 | D:4      | Found a blossoming altar of Fedhas.
  4323 | D:4      | Noticed an oklob plant
  4819 | D:4      | Learned a level 3 spell: Mephitic Cloud
  4848 | D:5      | Entered Level 5 of the Dungeon
  5016 | D:5      | Reached skill level 7 in Short Blades
  5075 | D:5      | Found a shattered altar of Ashenzari.
  5090 | D:5      | Reached skill level 1 in Dodging
  5092 | D:5      | Became a worshipper of Ashenzari the Shackled
  5201 | D:5      | Reached XP level 7. HP: 29/40 MP: 9/9
  5654 | D:6      | Reached skill level 5 in Dodging
  5696 | D:6      | HP: 1/40 [orc priest/divine providence (9)]
  5701 | D:6      | Killed from afar by an orc priest

Vault maps used:
D:1:      erik_arrival_gehennom, serial_forest, infiniplex_forest_lined_2,
          infiniplex_forest_clump_medium, infiniplex_forest_join,
          infiniplex_forest_diagonal, infiniplex_forest_straight_2, st_stairs_7
D:2:      lemuel_doored_altar, lemuel_crystal_altar,
          chequers_temple_overflow_statue_of_worship,
          chequers_ecumenical_altar_grove, minmay_tree_intersection,
          nicolae_tso_carved_into_rock, uniq_natasha, uniq_robin
D:3:      first_bread
D:4:      tgw_fedhas, amethyst_killhole
D:5:      ashenzari_altar_1
D:6:      cheibrodos_sewer_entry_sluice

Skill      XL: |  1  2  3  4  5  6  7 |
---------------+----------------------+-----
Short Blades   | 3 4 5 6 7 |  7.0
Dodging        | 3 6 |  6.6
Fighting       | |  2.4
Armour         | |  2.4
Shields        | |  2.4

Action                   |  1- 3 |  4- 6 |  7- 9 || total
-------------------------+-------+-------+-------++-------
Melee: Rapier            |   111 |   298 |    65 ||   474
  Use: Scroll            |     2 |    10 |       ||    12
       Potion            |     4 |     1 |     3 ||     8
  Eat: Chunk             |     1 |    13 |     1 ||    15
Armor: Scale mail        |    58 |    71 |    12 ||   141
       Skin              |       |       |    28 ||    28
Dodge: Dodged            |    32 |    81 |    17 ||   130
Block: Shield            |    30 |       |       ||    30
       Buckler           |    11 |    67 |    30 ||   108

Table legend:
 A = Spawn XP
 B = Non-spawn XP
 C = Spawn XP percentage of total XP
 D = Spawn monster count
 E = Non-spawn monster count
 F = Spawn count percentage of total count
 G = Total turns spent on level
                    A         B        C        D         E        F      G
               +---------+---------+-------+---------+---------+-------+---------
         Total |       0 |    1252 |   0.0 |       0 |     108 |   0.0 |  5701
               +---------+---------+-------+---------+---------+-------+---------
           D:1 |       0 |      60 |   0.0 |       0 |      21 |   0.0 |  1648
           D:2 |       0 |     217 |   0.0 |       0 |      41 |   0.0 |  1331
           D:3 |       0 |     149 |   0.0 |       0 |      19 |   0.0 |   940
           D:4 |       0 |      78 |   0.0 |       0 |       7 |   0.0 |   929
           D:5 |       0 |     326 |   0.0 |       0 |      14 |   0.0 |   784
           D:6 |       0 |     422 |   0.0 |       0 |       6 |   0.0 |    69
               +---------+---------+-------+---------+---------+-------+---------
